[Event "GambitGuide"]
[Site "Internet Chess Club"]
[Date "2014.10.31"]
[Round "1"]
[White "JSBach"]
[Black "Khronos"]
[Result "1-0"]
[ICCResult "Black resigns"]
[WhiteElo "1709"]
[BlackElo "1770"]
[Opening "Vienna: `Frankenstein-Dracula' variation"]
[ECO "C27"]
[NIC "VG.02"]
[Time "14:48:14"]
[TimeControl "120+12"]

1. e4 e5 2. Nc3 Nf6 3. Bc4 Nxe4 4. Qh5 Nd6 5. Bb3 Nc6 6. Nb5 g6 7. Qf3 f5 8.
Qd5 Qe7 9. Nxc7+ Kd8 10. Nxa8 b6 11. d3 Bb7 12. Nxb6 axb6 13. Qf3 e4 14. Qe3
h5 15. Qxb6+ Kc8 16. Be3 f4 17. Bxf4 exd3+ 18. Be3 Bh6 19. cxd3 Nf5 20. Ne2
Bxe3 21. fxe3 Nxe3 22. Rg1 Re8 23. Rc1 Nc4 24. Qf2 Nxb2 25. Bc2 Qb4+ 26. Kf1
Rf8 27. d4 Rxf2+ 28. Kxf2 Qf8+ 29. Ke1 Nb4 30. Rf1 N4d3+ 31. Bxd3+
{Black resigns}
1-0

[Event "GambitGuide"]
[Site "Internet Chess Club"]
[Date "2014.10.31"]
[Round "1"]
[White "JSBach"]
[Black "Fredo"]
[Result "1-0"]
[ICCResult "Black checkmated"]
[WhiteElo "1709"]
[BlackElo "1897"]
[Opening "Vienna: `Frankenstein-Dracula' variation"]
[ECO "C27"]
[NIC "VG.02"]
[Time "14:51:07"]
[TimeControl "120+12"]

1. e4 e5 2. Nc3 Nf6 3. Bc4 Nxe4 4. Qh5 Nd6 5. Bb3 Nc6 6. Nb5 g6 7. Qf3 f5 8.
Qd5 Qe7 9. Nxc7+ Kd8 10. Nxa8 b6 11. d3 Bg7 12. Ba4 Nb4 13. Qb3 Na6 14. Nf3
Nc5 15. Bg5 Bf6 16. Bxf6 Qxf6 17. Qb4 Nxa4 18. Qxa4 Bb7 19. Qxa7 Ke7 20.
Nxb6 Bxf3 21. Qxd7+ Kf8 22. gxf3 Ne8 23. Nd5 Qh4 24. Qe6 Rg8 25. Qxe5 Rg7
26. c4 Nf6 27. Qxf6+ Rf7 28. Qh8# {Black checkmated} 1-0

[Event "GambitGuide"]
[Site "Internet Chess Club"]
[Date "2014.10.31"]
[Round "1"]
[White "JSBach"]
[Black "mandragoro"]
[Result "1-0"]
[ICCResult "Black resigns"]
[WhiteElo "1709"]
[BlackElo "2562"]
[Opening "Vienna: `Frankenstein-Dracula' variation"]
[ECO "C27"]
[NIC "VG.02"]
[Time "14:50:53"]
[TimeControl "120+12"]

1. e4 e5 2. Nc3 Nf6 3. Bc4 Nxe4 4. Qh5 Nd6 5. Bb3 Nc6 6. Nb5 g6 7. Qf3 f5 8.
Qd5 Qe7 9. Nxc7+ Kd8 10. Nxa8 b6 11. d3 Bb7 12. Nxb6 axb6 13. Qf3 Nd4 14.
Qg3 f4 15. Qg4 N6f5 16. c3 h5 17. Qxg6 Nh4 18. Qxb6+ Kc8 19. cxd4 exd4+ 20.
Kd1 Bxg2 21. Bxf4 d6 22. Rc1+ {Black resigns} 1-0

[Event "GambitGuide"]
[Site "Internet Chess Club"]
[Date "2014.10.31"]
[Round "1"]
[White "JSBach"]
[Black "Lapin82"]
[Result "1-0"]
[ICCResult "Black resigns"]
[WhiteElo "1709"]
[BlackElo "1684"]
[Opening "Vienna: `Frankenstein-Dracula' variation"]
[ECO "C27"]
[NIC "VG.02"]
[Time "14:50:45"]
[TimeControl "120+12"]

1. e4 e5 2. Nc3 Nf6 3. Bc4 Nxe4 4. Qh5 Nd6 5. Bb3 Nc6 6. Nb5 g6 7. Qf3 f5 8.
Qd5 Qe7 9. Nxc7+ Kd8 10. Nxa8 b6 11. d3 Bb7 12. Nxb6 axb6 13. Qf3 f4 14. Bd2
Nd4 15. Qg4 h5 16. Qxg6 Rh6 17. Qg8 e4 18. Bxf4 exd3+ 19. Kf1 Re6 20. Bg5
{Black resigns}
1-0

[Event "GambitGuide"]
[Site "Internet Chess Club"]
[Date "2014.10.31"]
[Round "1"]
[White "JSBach"]
[Black "almoehi"]
[Result "0-1"]
[ICCResult "White checkmated"]
[WhiteElo "1709"]
[BlackElo "1458"]
[Opening "Vienna: `Frankenstein-Dracula' variation"]
[ECO "C27"]
[NIC "VG.02"]
[Time "14:49:08"]
[TimeControl "120+12"]

1. e4 e5 2. Nc3 Nf6 3. Bc4 Nxe4 4. Qh5 Nd6 5. Bb3 Nc6 6. Nb5 g6 7. Qf3 f5 8.
Qd5 Qe7 9. Nxc7+ Kd8 10. Nxa8 b6 11. d3 e4 12. dxe4 Nxe4 13. Be3 f4 14. f3
Nf6 15. Qf7 Qxe3+ 16. Ne2 Be7 17. Rd1 Rf8 18. Qc4 Bb7 19. Nxb6 axb6 20. Qxf4
Qxf4 21. Nxf4 Kc8 22. a3 Bc5 23. Kf1 Ng4 24. Ke1 Nf2 25. Ne6 dxe6 26. Bxe6+
Kb8 27. Ke2 Nxh1 28. Bd7 Rd8 29. Bxc6 Rxd1 30. Bxb7 Rd6 31. Be4 Nf2 32. b4
Nxe4 33. fxe4 Bd4 34. c4 Be5 35. c5 bxc5 36. g3 cxb4 37. axb4 Rb6 38. Ke3
Rxb4 39. Kf3 g5 40. Kg4 h6 41. Kf5 Bd6 42. Ke6 Bxg3 43. hxg3 Rxe4+ 44. Kf5
Re3 45. Kg4 Kc7 46. Kh3 h5 47. Kh2 g4 48. Kg2 Kd6 49. Kf2 Rf3+ 50. Kg2 Ke5
51. Kh2 Ke4 52. Kh1 Rxg3 53. Kh2 Ra3 54. Kg2 h4 55. Kg1 Kf3 56. Kh2 h3 57.
Kh1 Ra1+ 58. Kh2 Ra2+ 59. Kg1 g3 60. Kf1 Ra1# {White checkmated} 0-1

[Event "GambitGuide"]
[Site "Internet Chess Club"]
[Date "2014.10.31"]
[Round "1"]
[White "JSBach"]
[Black "JoseLL23"]
[Result "1-0"]
[ICCResult "Black resigns"]
[WhiteElo "1709"]
[BlackElo "1601"]
[Opening "Vienna: `Frankenstein-Dracula' variation"]
[ECO "C27"]
[NIC "VG.02"]
[Time "14:51:30"]
[TimeControl "120+12"]

1. e4 e5 2. Nc3 Nf6 3. Bc4 Nxe4 4. Qh5 Nd6 5. Bb3 Nc6 6. Nb5 g6 7. Qf3 f5 8.
Qd5 Qe7 9. Nxc7+ Kd8 10. Nxa8 b6 11. d3 Bb7 12. Nxb6 axb6 13. Qf3 Bg7 14.
Be3 b5 15. Bd5 f4 16. Bc5 g5 17. Qh5 Bf6 18. a4 bxa4 19. Rxa4 Re8 20. Be4
Rh8 21. Qh6 Qe6 22. Bxh7 Qe7 23. Qg6 Rxh7 24. Bxd6 {Black resigns} 1-0

[Event "GambitGuide"]
[Site "Internet Chess Club"]
[Date "2014.10.31"]
[Round "1"]
[White "JSBach"]
[Black "Khronos"]
[Result "1/2-1/2"]
[ICCResult "Game drawn by repetition"]
[WhiteElo "1696"]
[BlackElo "1770"]
[Opening "Vienna: `Frankenstein-Dracula' variation"]
[ECO "C27"]
[NIC "VG.02"]
[Time "14:51:31"]
[TimeControl "120+12"]

1. e4 e5 2. Nc3 Nf6 3. Bc4 Nxe4 4. Qh5 Nd6 5. Bb3 Nc6 6. Nb5 g6 7. Qf3 f5 8.
Qd5 Qe7 9. Nxc7+ Kd8 10. Nxa8 b6 11. d3 Bb7 12. Nxb6 axb6 13. Qf3 e4 14. Qe3
h5 15. Qxb6+ Kc8 16. Be3 f4 17. Bxf4 exd3+ 18. Be3 Bh6 19. cxd3 Nf5 20. Ne2
Bxe3 21. fxe3 Nxe3 22. Rg1 Re8 23. Rc1 Nc4 24. Qf2 Nxb2 25. Bc2 Qb4+ 26. Kf1
Rf8 27. d4 Rxf2+ 28. Kxf2 Kb8 29. Bxg6 Qf8+ 30. Ke3 Qh6+ 31. Nf4 Ne7 32. Be4
Nd5+ 33. Bxd5 Bxd5 34. Rb1 Qb6 35. Nxd5 Qe6+ 36. Kf4 Qxd5 37. Rxb2+ Kc8 38.
Ke3 Qe6+ 39. Kd2 Qh6+ 40. Kd3 Qg6+ 41. Kc3 Qc6+ 42. Kd3 Qg6+ 43. Kd2 Qg5+
44. Ke2 Qg4+ 45. Kd3 Qg6+ 46. Kc4 Qe6+ 47. Kd3 Qg6+ 48. Kd2 Qg5+ 49. Ke2
Qg4+ 50. Kd3 Qg6+ 51. Kc4 Qe6+ 52. Kd3 Qg6+ 53. Kc4 {Game drawn by
repetition} 1/2-1/2

[Event "GambitGuide"]
[Site "Internet Chess Club"]
[Date "2014.10.31"]
[Round "1"]
[White "JSBach"]
[Black "Khronos"]
[Result "1-0"]
[ICCResult "Black resigns"]
[WhiteElo "1715"]
[BlackElo "1770"]
[Opening "Vienna: `Frankenstein-Dracula' variation"]
[ECO "C27"]
[NIC "VG.02"]
[Time "14:54:09"]
[TimeControl "120+12"]

1. e4 e5 2. Nc3 Nf6 3. Bc4 Nxe4 4. Qh5 Nd6 5. Bb3 Nc6 6. Nb5 g6 7. Qf3 f5 8.
Qd5 Qe7 9. Nxc7+ Kd8 10. Nxa8 b6 11. d3 Bb7 12. Nxb6 axb6 13. Qf3 e4 14.
dxe4 fxe4 15. Qe3 Kc7 16. c4 Nf5 17. Qg5 Qe5 18. Bf4 {Black resigns} 1-0

[Event "GambitGuide"]
[Site "Internet Chess Club"]
[Date "2014.10.31"]
[Round "1"]
[White "JSBach"]
[Black "Lapin82"]
[Result "1-0"]
[ICCResult "Black resigns"]
[WhiteElo "1715"]
[BlackElo "1684"]
[Opening "Vienna: `Frankenstein-Dracula' variation"]
[ECO "C27"]
[NIC "VG.02"]
[Time "14:52:36"]
[TimeControl "120+12"]

1. e4 e5 2. Nc3 Nf6 3. Bc4 Nxe4 4. Qh5 Nd6 5. Bb3 Nc6 6. Nb5 g6 7. Qf3 f5 8.
Qd5 Qe7 9. Nxc7+ Kd8 10. Nxa8 b6 11. d3 Bb7 12. Nxb6 axb6 13. Qf3 Nd4 14.
Qh3 h5 15. Be3 Nxb3 16. Bxb6+ Ke8 17. axb3 e4 18. d4 e3 19. fxe3 Bh6 20. Bc5
Bxe3 21. Bxd6 Qe4 22. Kf1 Qxc2 23. Qxe3+ {Black resigns} 1-0

[Event "GambitGuide"]
[Site "Internet Chess Club"]
[Date "2014.10.31"]
[Round "1"]
[White "JSBach"]
[Black "Zaphod"]
[Result "1-0"]
[ICCResult "Black resigns"]
[WhiteElo "1715"]
[BlackElo "1132"]
[Opening "Vienna: `Frankenstein-Dracula' variation"]
[ECO "C27"]
[NIC "VG.02"]
[Time "14:52:27"]
[TimeControl "120+12"]

1. e4 e5 2. Nc3 Nf6 3. Bc4 Nxe4 4. Qh5 Nd6 5. Bb3 Nc6 6. Nb5 g6 7. Qf3 f5 8.
Qd5 Qe7 9. Nxc7+ Kd8 10. Nxa8 b6 11. d3 e4 12. dxe4 Nxe4 13. Be3 Qb4+ 14. c3
Nxc3 15. Qd2 Ba6 16. bxc3 Qb5 17. c4 Qe5 18. Qd1 Qc3+ 19. Bd2 Qe5+ 20. Ne2
Nd4 21. Bg5+ Kc8 22. Qxd4 Bb4+ 23. Kf1 Re8 24. Qxe5 Rxe5 25. f4 {Black
resigns} 1-0

[Event "GambitGuide"]
[Site "Internet Chess Club"]
[Date "2014.10.31"]
[Round "1"]
[White "JSBach"]
[Black "clicklock"]
[Result "1-0"]
[ICCResult "Black resigns"]
[WhiteElo "1715"]
[BlackElo "1336"]
[Opening "Vienna: `Frankenstein-Dracula' variation"]
[ECO "C27"]
[NIC "VG.02"]
[Time "14:54:07"]
[TimeControl "120+12"]

1. e4 e5 2. Nc3 Nf6 3. Bc4 Nxe4 4. Qh5 Nd6 5. Bb3 Nc6 6. Nb5 g6 7. Qf3 f5 8.
Qd5 Qe7 9. Nxc7+ Kd8 10. Nxa8 b6 11. d3 b5 12. a4 Nb4 13. Qc5 Na6 14. Qxa7
{Black resigns}
1-0

[Event "GambitGuide"]
[Site "Internet Chess Club"]
[Date "2014.10.31"]
[Round "1"]
[White "JSBach"]
[Black "nsideurheadbro"]
[Result "1/2-1/2"]
[ICCResult "Game drawn by repetition"]
[WhiteElo "1715"]
[BlackElo "1184"]
[Opening "Vienna: `Frankenstein-Dracula' variation"]
[ECO "C27"]
[NIC "VG.02"]
[Time "14:49:44"]
[TimeControl "120+12"]

1. e4 e5 2. Nc3 Nf6 3. Bc4 Nxe4 4. Qh5 Nd6 5. Bb3 Nc6 6. Nb5 g6 7. Qf3 f5 8.
Qd5 Qe7 9. Nxc7+ Kd8 10. Nxa8 b6 11. d3 Bb7 12. Nxb6 axb6 13. Qf3 f4 14. Bd2
Nd4 15. Qg4 g5 16. Bb4 h6 17. Ba4 e4 18. O-O-O h5 19. Bxd6 Qxd6 20. Qxg5+
Kc7 21. dxe4 Bh6 22. e5 Qd5 23. Qe7 f3+ 24. Kb1 fxg2 25. Qd6+ Qxd6 26. exd6+
Kxd6 27. Rxd4+ Ke5 28. Bc6 Bxc6 29. Nf3+ Ke6 30. Re1+ Kf6 31. Ng1 Rg8 32.
Rd6+ Kg7 33. h4 Bf4 34. Rdd1 Bh2 35. Rd4 Bxg1 36. Rxg1 Kf6 37. Rb4 b5 38. c3
Kf5 39. f3 Rg3 40. Kc2 Rxf3 41. Rxg2 Rxc3+ 42. bxc3 Bxg2 43. Rxb5+ d5 44. a4
Kg4 45. Rb4+ Kg3 46. a5 Be4+ 47. Rxe4 dxe4 48. a6 e3 49. Kd3 Kf2 50. a7 e2
51. a8=Q e1=Q 52. Qf8+ Kg2 53. Qf4 Qb1+ 54. Kc4 Qa2+ 55. Kd4 Qa7+ 56. Ke4
Qa4+ 57. Ke3 Qe8+ 58. Qe4+ Qxe4+ 59. Kxe4 Kg3 60. c4 Kxh4 61. Kf4 Kh3 62. c5
Kh2 63. Kg5 h4 64. c6 h3 65. c7 Kg1 66. c8=Q h2 67. Qc1+ Kg2 68. Qc6+ Kg1
69. Qc1+ Kg2 70. Qc2+ Kg1 71. Qb1+ Kg2 72. Qe4+ Kg1 73. Qb1+ Kg2 74. Qe4+
Kg1 75. Qb1+ Kg2 76. Qe4+ Kg1 77. Qg4+ Kf1 78. Qf4+ Kg1 79. Qg3+ Kh1 80.
Qf3+ Kg1 81. Qg3+ Kh1 82. Qe1+ Kg2 83. Qe2+ Kg1 84. Qe1+ Kg2 85. Qe4+ Kg1
86. Qg4+ Kh1 87. Qf3+ Kg1 88. Qg3+ Kh1 89. Qf3+ Kg1 90. Qg3+ Kh1 91. Qe5 Kg1
92. Qe3+ Kg2 93. Qd2+ Kg1 94. Qd4+ Kg2 95. Qd2+ Kg1 96. Qd4+ Kg2 97. Qg4+
Kh1 98. Qf3+ Kg1 99. Qg3+ Kh1 100. Qe1+ Kg2 101. Qe4+ Kg1 102. Qe3+ Kg2 103.
Qe4+ Kg1 104. Qd4+ Kg2 105. Qe4+ Kg1 106. Qd4+ Kg2 107. Qe4+ Kg1 108. Qd4+
Kg2 109. Qe4+ Kg1 110. Qd4+ Kg2 111. Qd2+ Kg1 112. Qd4+ Kg2 113. Qe4+
{Game drawn by repetition}
1/2-1/2

[Event "GambitGuide"]
[Site "Internet Chess Club"]
[Date "2014.10.31"]
[Round "1"]
[White "JSBach"]
[Black "Lippo"]
[Result "1-0"]
[ICCResult "Black checkmated"]
[WhiteElo "1715"]
[BlackElo "2023"]
[Opening "Vienna: `Frankenstein-Dracula' variation"]
[ECO "C27"]
[NIC "VG.02"]
[Time "14:55:13"]
[TimeControl "120+12"]

1. e4 e5 2. Nc3 Nf6 3. Bc4 Nxe4 4. Qh5 Nd6 5. Bb3 Nc6 6. Nb5 g6 7. Qf3 f5 8.
Qd5 Qe7 9. Nxc7+ Kd8 10. Nxa8 b6 11. d3 Bb7 12. Nxb6 axb6 13. Qf3 Bg7 14.
Be3 Kc7 15. Bd5 f4 16. Bxb6+ Kxb6 17. Ne2 Kc7 18. c3 Nd4 19. cxd4 Bxd5 20.
Qxd5 f3 21. Rc1+ Kd8 22. Qa8+ Nc8 23. Rxc8# {Black checkmated} 1-0

[Event "GambitGuide"]
[Site "Internet Chess Club"]
[Date "2014.10.31"]
[Round "1"]
[White "JSBach"]
[Black "Lippo"]
[Result "1-0"]
[ICCResult "Black resigns"]
[WhiteElo "1715"]
[BlackElo "2023"]
[Opening "Vienna: `Frankenstein-Dracula' variation"]
[ECO "C27"]
[NIC "VG.02"]
[Time "14:55:53"]
[TimeControl "120+12"]

1. e4 e5 2. Nc3 Nf6 3. Bc4 Nxe4 4. Qh5 Nd6 5. Bb3 Nc6 6. Nb5 g6 7. Qf3 f5 8.
Qd5 Qe7 9. Nxc7+ Kd8 10. Nxa8 b6 11. d3 Bb7 12. Nxb6 axb6 13. Qf3 Bg7 14.
Qg3 Re8 15. Bg5 Bf6 16. Bxf6 Qxf6 17. c3 f4 18. Qh3 e4 19. O-O-O Nb5 20.
dxe4 Re7 21. Bc4 Nxc3 22. bxc3 Qxc3+ 23. Qxc3 {Black resigns} 1-0

[Event "GambitGuide"]
[Site "Internet Chess Club"]
[Date "2014.10.31"]
[Round "1"]
[White "JSBach"]
[Black "clicklock"]
[Result "1-0"]
[ICCResult "Black resigns"]
[WhiteElo "1715"]
[BlackElo "1336"]
[Opening "Vienna: `Frankenstein-Dracula' variation"]
[ECO "C27"]
[NIC "VG.02"]
[Time "14:55:18"]
[TimeControl "120+12"]

1. e4 e5 2. Nc3 Nf6 3. Bc4 Nxe4 4. Qh5 Nd6 5. Bb3 Nc6 6. Nb5 g6 7. Qf3 f5 8.
Qd5 Qe7 9. Nxc7+ Kd8 10. Nxa8 b6 11. d3 Bb7 12. Nxb6 axb6 13. Qf3 Na5 14.
Qg3 f4 15. Qg4 Nf5 16. Bd2 Nxb3 17. axb3 Nd4 18. Ra7 Bxg2 19. Qxg2 Nxc2+ 20.
Kd1 Qc5 21. Qb7 {Black resigns} 1-0

[Event "GambitGuide"]
[Site "Internet Chess Club"]
[Date "2014.10.31"]
[Round "1"]
[White "JSBach"]
[Black "Khronos"]
[Result "0-1"]
[ICCResult "White checkmated"]
[WhiteElo "1715"]
[BlackElo "1770"]
[Opening "Vienna: `Frankenstein-Dracula' variation"]
[ECO "C27"]
[NIC "VG.02"]
[Time "14:54:50"]
[TimeControl "120+12"]

1. e4 e5 2. Nc3 Nf6 3. Bc4 Nxe4 4. Qh5 Nd6 5. Bb3 Nc6 6. Nb5 g6 7. Qf3 f5 8.
Qd5 Qe7 9. Nxc7+ Kd8 10. Nxa8 b6 11. d3 Bb7 12. Nxb6 axb6 13. Qf3 e4 14.
dxe4 Nxe4 15. Be3 Bg7 16. Bxb6+ Kc8 17. Qe3 Bxb2 18. Rb1 Bc3+ 19. Kd1 Ne5
20. Ne2 Qd6+ 21. Bd4 Ng4 22. Kc1 Nxe3 23. Bxe3 Bd2+ 24. Kb2 Bxe3 25. fxe3
Qe5+ 26. Nd4 f4 27. Rhd1 fxe3 28. Ka1 Nd6 29. Rb2 Nf5 30. Ne2 Bxg2 31. Bc4
Bf3 32. Re1 Bxe2 33. Rxe2 Kc7 34. a4 Rb8 35. Bb3 Nd4 36. Rg2 Nxb3+ 37. cxb3
Rxb3 38. Rc2+ Kd8 39. Ka2 Rxb2+ 40. Rxb2 Qxb2+ 41. Kxb2 e2 42. Kc2 e1=Q 43.
a5 Qxa5 44. h4 Qa3 45. h5 gxh5 46. Kd2 Ke7 47. Ke2 Ke6 48. Kd2 Kd5 49. Ke2
Ke4 50. Kd2 Qd3+ 51. Ke1 Qc2 52. Kf1 Kf3 53. Kg1 Qg2# {White checkmated} 0-1

[Event "GambitGuide"]
[Site "Internet Chess Club"]
[Date "2014.10.31"]
[Round "1"]
[White "JSBach"]
[Black "nsideurheadbro"]
[Result "1-0"]
[ICCResult "Black checkmated"]
[WhiteElo "1715"]
[BlackElo "1184"]
[Opening "Vienna: `Frankenstein-Dracula' variation"]
[ECO "C27"]
[NIC "VG.02"]
[Time "14:55:49"]
[TimeControl "120+12"]

1. e4 e5 2. Nc3 Nf6 3. Bc4 Nxe4 4. Qh5 Nd6 5. Bb3 Nc6 6. Nb5 g6 7. Qf3 f5 8.
Qd5 Qe7 9. Nxc7+ Kd8 10. Nxa8 b6 11. d3 Bb7 12. Nxb6 axb6 13. Qf3 Nd4 14.
Qg3 f4 15. Qg4 g5 16. Bd2 h5 17. Qd1 g4 18. Kf1 Ba6 19. Bd5 e4 20. Bxf4 exd3
21. cxd3 Ne4 22. Be3 Nf5 23. Bxb6+ Ke8 24. Rc1 Nxf2 25. Kxf2 Nh4 26. Bd4 Bg7
27. Bxg7 Qxg7 28. Qe1+ Kd8 29. Qa5+ Ke8 30. Re1+ Kf8 31. Qd8# {Black
checkmated} 1-0

[Event "GambitGuide"]
[Site "Internet Chess Club"]
[Date "2014.10.31"]
[Round "1"]
[White "JSBach"]
[Black "almoehi"]
[Result "1-0"]
[ICCResult "Black resigns"]
[WhiteElo "1715"]
[BlackElo "1458"]
[Opening "Vienna: `Frankenstein-Dracula' variation"]
[ECO "C27"]
[NIC "VG.02"]
[Time "14:53:02"]
[TimeControl "120+12"]

1. e4 e5 2. Nc3 Nf6 3. Bc4 Nxe4 4. Qh5 Nd6 5. Bb3 Nc6 6. Nb5 g6 7. Qf3 f5 8.
Qd5 Qe7 9. Nxc7+ Kd8 10. Nxa8 b6 11. d3 e4 12. dxe4 Nxe4 13. Be3 f4 14. f3
Nf6 15. Qf7 Qxe3+ 16. Ne2 Be7 17. Rd1 Rf8 18. Qc4 Bb7 19. Nxb6 axb6 20. Qxf4
Qxf4 21. Nxf4 Kc8 22. c3 Bc5 23. Nd5 Ne5 24. Nxf6 Rxf6 25. Kd2 Ba6 26. Bd5
Rd6 27. Kc2 Rf6 28. Rhe1 d6 29. Re4 Kc7 30. f4 Ng4 31. Re7+ Kd8 32. Rde1 Bb5
33. h3 Nf2 34. c4 Bd7 35. Rxh7 Rxf4 36. Ree7 Bf5+ 37. Kb3 b5 38. cxb5 Rb4+
39. Kc3 Rxb5 40. Bc6 Bb4+ 41. Kb3 {Black resigns} 1-0

[Event "GambitGuide"]
[Site "Internet Chess Club"]
[Date "2014.10.31"]
[Round "1"]
[White "JSBach"]
[Black "clicklock"]
[Result "1-0"]
[ICCResult "Black resigns"]
[WhiteElo "1715"]
[BlackElo "1336"]
[Opening "Vienna: `Frankenstein-Dracula' variation"]
[ECO "C27"]
[NIC "VG.02"]
[Time "14:56:56"]
[TimeControl "120+12"]

1. e4 e5 2. Nc3 Nf6 3. Bc4 Nxe4 4. Qh5 Nd6 5. Bb3 Nc6 6. Nb5 g6 7. Qf3 f5 8.
Qd5 Qe7 9. Nxc7+ Kd8 10. Nxa8 b6 11. d3 Nd4 12. h4 Bb7 13. Bg5 Qxg5 14. Qxb7
Nxb7 15. hxg5 Kc8 16. Ne2 Nxb3 17. axb3 Kb8 18. Nxb6 axb6 19. d4 exd4 20.
Nxd4 Bc5 21. O-O-O d6 22. b4 Bxd4 23. Rxd4 Rd8 24. Rdh4 {Black resigns} 1-0

[Event "GambitGuide"]
[Site "Internet Chess Club"]
[Date "2014.10.31"]
[Round "1"]
[White "JSBach"]
[Black "Lippo"]
[Result "0-1"]
[ICCResult "White checkmated"]
[WhiteElo "1715"]
[BlackElo "2023"]
[Opening "Vienna: `Frankenstein-Dracula' variation"]
[ECO "C27"]
[NIC "VG.02"]
[Time "14:56:39"]
[TimeControl "120+12"]

1. e4 e5 2. Nc3 Nf6 3. Bc4 Nxe4 4. Qh5 Nd6 5. Bb3 Nc6 6. Nb5 g6 7. Qf3 f5 8.
Qd5 Qe7 9. Nxc7+ Kd8 10. Nxa8 b6 11. d3 Bb7 12. Nxb6 axb6 13. Qf3 Bg7 14.
Be3 Nd4 15. Qh3 f4 16. Bxd4 exd4+ 17. Kf1 Re8 18. Qxh7 Qg5 19. f3 Nf5 20.
Kf2 Nh4 21. g3 fxg3+ 22. hxg3 Qe3+ 23. Kf1 Nxf3 24. Bd5 Nd2+ 25. Kg2 Bxd5+
26. Kh3 Rh8 27. Qxh8+ Bxh8 28. Nf3 Qxf3 29. Rhe1 Qh5# {White checkmated} 0-1

[Event "GambitGuide"]
[Site "Internet Chess Club"]
[Date "2014.10.31"]
[Round "1"]
[White "JSBach"]
[Black "maxhappy"]
[Result "1/2-1/2"]
[ICCResult "Game drawn by repetition"]
[WhiteElo "1732"]
[BlackElo "1972"]
[Opening "Vienna: `Frankenstein-Dracula' variation"]
[ECO "C27"]
[NIC "VG.02"]
[Time "14:58:27"]
[TimeControl "120+12"]

1. e4 e5 2. Nc3 Nf6 3. Bc4 Nxe4 4. Qh5 Nd6 5. Bb3 Nc6 6. Nb5 g6 7. Qf3 f5 8.
Qd5 Qe7 9. Nxc7+ Kd8 10. Nxa8 b6 11. d3 Nd4 12. f4 exf4+ 13. Kd1 Bg7 14.
Bxf4 Re8 15. Kd2 Be5 16. Bxe5 Qxe5 17. Qxe5 Rxe5 18. Re1 Rxe1 19. Kxe1 Nxb3
20. axb3 Bb7 21. Nxb6 Bxg2 22. Nxd7 Kxd7 23. d4 Bxh1 24. c4 Ne4 25. d5 Nc5
26. Ne2 Nxb3 27. Nf4 Nc5 28. b4 Na6 29. b5 Nc5 30. Kd2 Be4 31. Ke3 g5 32.
Nh3 h6 33. Nf2 f4+ 34. Kd4 Kd6 35. Nxe4+ Nxe4 36. Kxe4 Kc5 37. Kf3 h5 38.
Ke4 h4 39. Kf3 Kd6 40. Kg4 Kc5 41. Kf3 Kd6 42. Ke4 Kc5 43. Kf3 Kd6 44. Kg4
Kc5 45. Kf3 Kd6 46. Ke4 Kc5 {Game drawn by repetition} 1/2-1/2

[Event "GambitGuide"]
[Site "Internet Chess Club"]
[Date "2014.10.31"]
[Round "1"]
[White "JSBach"]
[Black "clicklock"]
[Result "1-0"]
[ICCResult "Black resigns"]
[WhiteElo "1732"]
[BlackElo "1336"]
[Opening "Vienna: `Frankenstein-Dracula' variation"]
[ECO "C27"]
[NIC "VG.02"]
[Time "14:58:45"]
[TimeControl "120+12"]

1. e4 e5 2. Nc3 Nf6 3. Bc4 Nxe4 4. Qh5 Nd6 5. Bb3 Nc6 6. Nb5 g6 7. Qf3 f5 8.
Qd5 Qe7 9. Nxc7+ Kd8 10. Nxa8 b6 11. d3 Ba6 12. Nf3 h6 13. Ba4 b5 14. Bb3
Bb7 15. a4 bxa4 16. Bxa4 Bxa8 17. O-O g5 18. Bxc6 Bxc6 19. Qxe5 Qxe5 20.
Nxe5 Nc8 21. Nf7+ {Black resigns} 1-0

[Event "GambitGuide"]
[Site "Internet Chess Club"]
[Date "2014.10.31"]
[Round "1"]
[White "JSBach"]
[Black "almoehi"]
[Result "0-1"]
[ICCResult "White checkmated"]
[WhiteElo "1732"]
[BlackElo "1458"]
[Opening "Vienna: `Frankenstein-Dracula' variation"]
[ECO "C27"]
[NIC "VG.02"]
[Time "14:58:24"]
[TimeControl "120+12"]

1. e4 e5 2. Nc3 Nf6 3. Bc4 Nxe4 4. Qh5 Nd6 5. Bb3 Nc6 6. Nb5 g6 7. Qf3 f5 8.
Qd5 Qe7 9. Nxc7+ Kd8 10. Nxa8 b6 11. d3 e4 12. dxe4 Nxe4 13. Be3 f4 14. Nxb6
fxe3 15. O-O-O axb6 16. Qxc6 Nxf2 17. Qxb6+ Ke8 18. Qc7 Qc5 19. Qxc5 Bxc5
20. Rd5 d6 21. Rxc5 dxc5 22. Ba4+ Ke7 23. b4 cxb4 24. Ne2 Nxh1 25. c4 bxc3
26. Nxc3 Bb7 27. g4 Bf3 28. g5 Rd8 29. Bb5 Nf2 30. Be2 Bxe2 31. a4 Ba6 32.
a5 e2 33. Nxe2 Bxe2 34. h4 Ra8 35. Kd2 Bg4 36. Ke3 Nd1+ 37. Kd4 Rxa5 38. Ke4
Bf5+ 39. Kf4 Ra4+ 40. Kg3 Ne3 41. Kf2 Nd5 42. Kf3 Rxh4 43. Kf2 Rg4 44. Ke1
Rxg5 45. Ke2 h5 46. Kf3 h4 47. Kf2 h3 48. Ke2 h2 49. Kd1 h1=Q+ 50. Ke2 Qh3
51. Ke1 Rg2 52. Kd1 Qh1# {White checkmated} 0-1

[Event "GambitGuide"]
[Site "Internet Chess Club"]
[Date "2014.10.31"]
[Round "1"]
[White "JSBach"]
[Black "croder"]
[Result "1-0"]
[ICCResult "Black resigns"]
[WhiteElo "1732"]
[BlackElo "1604"]
[Opening "Vienna: `Frankenstein-Dracula' variation"]
[ECO "C27"]
[NIC "VG.02"]
[Time "14:59:30"]
[TimeControl "120+12"]

1. e4 e5 2. Nc3 Nf6 3. Bc4 Nxe4 4. Qh5 Nd6 5. Bb3 Nc6 6. Nb5 g6 7. Qf3 f5 8.
Qd5 Qe7 9. Nxc7+ Kd8 10. Nxa8 b6 11. d3 Bb7 12. Nxb6 axb6 13. Qf3 Kc7 14.
Bd2 h6 15. Qg3 g5 16. c3 f4 17. Qg4 h5 18. Qe2 g4 19. d4 Bg7 20. d5 Nd8 21.
Bxf4 e4 22. Qc4+ Kb8 23. Qb4 Nf7 24. Qxb6 Be5 25. Ne2 Bxf4 26. Nxf4 Qe5 27.
Ng6 Qg7 28. Nxh8 Qxh8 29. a4 Nc8 30. Qb5 Nfd6 31. Qxd7 Qe5 32. Qe6 Qf4 33.
c4 h4 34. c5 Nf5 35. c6 Ba6 36. Bc2 Nd4 37. Qxe4 Nxc2+ 38. Qxc2 g3 39. Qb3+
Ka7 40. hxg3 hxg3 41. Qe3+ Qxe3+ 42. fxe3 Kb6 43. b4 Bc4 44. e4 Nd6 45. a5+
Ka6 46. e5 Nc8 47. d6 Be6 48. d7 {Black resigns} 1-0

[Event "GambitGuide"]
[Site "Internet Chess Club"]
[Date "2014.10.31"]
[Round "1"]
[White "JSBach"]
[Black "clicklock"]
[Result "1-0"]
[ICCResult "Black resigns"]
[WhiteElo "1747"]
[BlackElo "1336"]
[Opening "Vienna: `Frankenstein-Dracula' variation"]
[ECO "C27"]
[NIC "VG.02"]
[Time "15:00:24"]
[TimeControl "120+12"]

1. e4 e5 2. Nc3 Nf6 3. Bc4 Nxe4 4. Qh5 Nd6 5. Bb3 Nc6 6. Nb5 g6 7. Qf3 f5 8.
Qd5 Qe7 9. Nxc7+ Kd8 10. Nxa8 b6 11. d3 Nb4 12. Qf3 Bb7 13. Qe3 Bxa8 14. Qh3
Nb5 15. c3 Nc6 16. a4 Nc7 17. Nf3 e4 18. Bg5 {Black resigns} 1-0

[Event "GambitGuide"]
[Site "Internet Chess Club"]
[Date "2014.10.31"]
[Round "1"]
[White "JSBach"]
[Black "nsideurheadbro"]
[Result "1-0"]
[ICCResult "Black resigns"]
[WhiteElo "1747"]
[BlackElo "1184"]
[Opening "Vienna: `Frankenstein-Dracula' variation"]
[ECO "C27"]
[NIC "VG.02"]
[Time "14:58:12"]
[TimeControl "120+12"]

1. e4 e5 2. Nc3 Nf6 3. Bc4 Nxe4 4. Qh5 Nd6 5. Bb3 Nc6 6. Nb5 g6 7. Qf3 f5 8.
Qd5 Qe7 9. Nxc7+ Kd8 10. Nxa8 b6 11. d3 Bb7 12. Nxb6 axb6 13. Qf3 Nd4 14.
Qg3 f4 15. Qg4 g5 16. Ba4 h5 17. Qd1 e4 18. c3 exd3+ 19. Kf1 N4f5 20. Qxd3
Be4 21. Qa6 Nc8 22. f3 Bd5 23. c4 Ne3+ 24. Bxe3 Qxe3 25. cxd5 Bc5 26. Nh3 g4
27. Qb5 Rh7 28. Re1 Qd4 29. Re4 Qxd5 30. Nxf4 Qf5 31. Bc2 Nd6 32. Re8+ Kxe8
33. Bxf5 Nxf5 34. Qd3 Rf7 35. Nxh5 gxf3 36. Qe4+ Kd8 37. gxf3 Nd4 38. f4 Rf5
39. Ng7 Rf7 40. Qe8+ Kc7 41. Qxf7 {Black resigns} 1-0